 Dungeon Crawl Stone Soup version 0.30-a0-867-g305f33218d (webtiles) character file.

Game seed: 4712308798541631892

1317 ColdPorridge the Covert (level 8, -7/69 (76) HPs)
             Began as a Naga Venom Mage on Mar 10, 2023.
             Was a Follower of Vehumet.
             Mangled by a wight
             ... wielding a +3 war axe
              (8 damage)
             ... on level 6 of the Dungeon.
             The game lasted 00:20:48 (4288 turns).

ColdPorridge the Covert (Naga Venom Mage)           Turns: 4288, Time: 00:20:48

HP:   -7/69 (76)    AC:  5    Str: 10    XL:     8   Next: 59%
MP:   11/11         EV: 10    Int: 17    God:    Vehumet [*.....]
Gold: 258           SH:  0    Dex: 13    Spells: 3/11 levels left

rFire   . . .      SeeInvis +    u - +8 trident of the Octopus King {venom, rElec rPois}
rCold   . . .      Faith    .    (no shield)
rNeg    . . .      Spirit   .    a - +0 robe
rPois   +          Reflect  .    (no helmet)
rElec   +          Rampage  .    j - +0 cloak
rCorr   .                        n - +0 pair of gloves
Will    +....                    (no barding)
Stlth   ++++                     g - amulet of the acrobat
HPRegen 0.31/turn                (no ring)
MPRegen 0.12/turn                (no ring)

@: drained, very slow
A: AC +2, large, see invisible, deformed body, poison resistance, slowness 2,
spit poison 1, naga tail 1
a: Spit Poison, Renounce Religion


You were on level 6 of the Dungeon.
You worshipped Vehumet.
Vehumet was aware of your devotion.
You visited 2 branches of the dungeon, and saw 7 of its levels.
You also visited: Ossuary.

You collected 258 gold pieces.

Inventory:

Hand Weapons
 h - a +0 club
 l - a +2 spear of venom
 q - a +2 vampiric dagger
 u - the +8 trident of the Octopus King (weapon) {venom, rElec rPois}
   (You found it on level 5 of the Dungeon)

   rElec:     It insulates you from electricity.
   rPois:     It protects you from poison.
 v - a +0 trident
Missiles
 d - 40 stones
Armour
 a - a +0 robe (worn)
 j - a +0 cloak (worn)
 n - a +0 pair of gloves (worn)
Jewellery
 g - an amulet of the acrobat (around neck)
Wands
 c - a wand of roots (11)
 t - a wand of paralysis (6)
Scrolls
 f - 3 scrolls of torment
 m - 2 scrolls of fear
Potions
 b - 2 potions of magic
 e - a potion of haste {unknown}
 i - 3 potions of degeneration {unknown}
 k - a potion of mutation {unknown}
 s - a potion of curing


   Skills:
 + Level 6.0 Fighting
 + Level 3.6 Polearms
 - Level 1.5 Dodging
 + Level 10.6 Stealth
 - Level 2.0 Spellcasting
 - Level 2.1 Conjurations
 - Level 1.0 Transmutations
 - Level 4.0 Poison Magic


You had 3 spell levels left.
You knew the following spells:

 Your Spells              Type           Power      Damage    Failure   Level
a - Sting                 Tmut/Pois      40%        1d5       7%          1
b - Poisonous Vapours     Pois/Air       16%        N/A       13%         2
c - Mephitic Cloud        Conj/Pois/Air  8%         N/A       26%         3
d - Passwall              Tmut/Erth      2%         N/A       24%         2

Your spell library contained the following spells:

 Spells                   Type           Power      Damage    Failure   Level
 Sandblast                Erth           2%         2d4       19%         1
 Apportation              Tloc           2%         N/A       19%         1
 Ensorcelled Hibernation  Hex/Ice        2%         N/A       28%         2
 Swiftness                Air            1%         N/A       50%         3
 Olgreb's Toxic Radiance  Pois           15%        N/A       36%         4
 Alistair's Intoxication  Tmut/Pois      6%         N/A       88%         5


Dungeon Overview and Level Annotations

Branches:
Dungeon (6/15)             Temple (1/1) D:4         Ossuary (visited)

Altars:
Ashenzari
Cheibriados
Dithmenos
Elyvilon
Fedhas
Gozag
Hepliaklqana
Kikubaaqudgha
Okawaru
Qazlal
Ru
Sif Muna
Uskayaw
Vehumet
Wu Jian
Xom
Yredelemnul
Zin
The Shining One

Annotations:
D:4 exclusion: 3 wights
D:6 exclusion: wraith


Innate Abilities, Weirdness & Mutations

Your serpentine skin is tough. (AC +2)
You have supernaturally acute eyesight. (SInv)
Armour fits poorly on your strangely shaped body.
Your system is resistant to poisons. (rPois)
You cover ground very slowly.
You can spit poison.
You have a snake-like lower body.


Message History

The wight is moderately damaged.
You are no longer entranced.
You kill Maggie!
Vehumet accepts your kill.
The wight hits you with a +1 long sword.
You feel drained.
Your life force feels restored.
Your Fighting skill increases to level 6!
Your Polearms skill increases to level 3!
Your Stealth skill increases to level 10!
You closely miss the wight.
The wight is moderately damaged.
You have got your breath back.
The wight hits you with a +1 long sword.
You feel drained.
Okay, then.
Okay, then.
You puncture the wight!
The wight is severely damaged.
The wight hits you with a +1 long sword.
You puncture the wight!
You destroy the wight!
Vehumet accepts your kill.
Your life force feels restored.
You closely miss the wight. The wight hits you with a +3 war axe!
You feel drained.
* * * LOW HITPOINT WARNING * * *
The wight hits you with a +3 war axe!
* * * LOW HITPOINT WARNING * * *
You feel drained.
* * * LOW HITPOINT WARNING * * *
You feel better. The wight closely misses you.
You closely miss the wight. The wight hits you with a +3 war axe!
* * * LOW HITPOINT WARNING * * *
Okay, then.
You feel better. The wight barely misses you.
You hit the wight but do no damage. The wight hits you with a +3 war axe!
* * * LOW HITPOINT WARNING * * *
You feel drained.
You die...

## ##...##.#.......
#####.#####..##.......#
#.....................# #
#.#....<#......#......##.#
#..............#.........
......###.###..#..##..##
#.#..#...#...##..#....# ..
.....#...#...#...#....##...
#... ##..#@..#..###........
#..# .#.z###..#...#..###..
... #.).#...#...#..####.
##..#z.z#...##......
#..#.z###.###..####..
.....#z@z........#
.###..#..###.###..# .##..#.
.#[..##...... ..
...#...#... ...#..


You could see a wight.

Vanquished Creatures
  Maggie (D:6)
  2 water moccasins (D:5)
  An ogre (D:5)
  A scorpion (D:4)
  3 wights
  2 vampire bats (D:5)
  A hound (D:5)
  A jelly (D:5)
  2 orc priests
  3 iguanas
  An orc wizard (D:4)
  A sleepcap (D:5)
  5 mummies
  3 gnolls (D:5)
  4 adders
  A shadow imp (D:3)
  2 ufetubi
  7 orcs
  4 ball pythons
  3 bat skeletons (D:5)
  2 bat zombies (D:5)
  2 endoplasms
  3 giant cockroaches
  2 gnoll zombies (Ossuary)
  8 goblins
  3 hobgoblins
  4 quokkas
  5 bats
  3 frilled lizards
  2 hobgoblin zombies (Ossuary)
  5 kobolds
  A kobold zombie (Ossuary)
  2 orc zombies (Ossuary)
  A rat (D:1)
91 creatures vanquished.

Notes
Turn   | Place    | Note
-------+----------+-------------------------------------------
     0 | D:1      | ColdPorridge the Naga Venom Mage began the quest for the
                  | Orb.
     0 | D:1      | Reached XP level 1. HP: 15/15 MP: 3/3
    75 | D:1      | Found a faded altar of an unknown god.
   247 | D:1      | Reached skill level 1 in Fighting
   247 | D:1      | Reached XP level 2. HP: 25/25 MP: 3/5
   531 | D:1      | Reached skill level 4 in Stealth
   903 | D:2      | Learned a level 2 spell: Poisonous Vapours
   910 | D:2      | Reached XP level 3. HP: 25/32 MP: 1/6
  1102 | D:3      | Reached skill level 5 in Stealth
  1102 | D:3      | Reached XP level 4. HP: 26/40 MP: 5/7
  2077 | D:4      | Noticed a scorpion
  2080 | D:4      | Killed a scorpion
  2081 | D:4      | Reached skill level 6 in Stealth
  2081 | D:4      | Reached XP level 5. HP: 49/49 MP: 8/8
  2234 | D:4      | Found a staircase to the Ecumenical Temple.
  2259 | D:4      | Reached skill level 7 in Stealth
  2259 | D:4      | Reached XP level 6. HP: 55/57 MP: 3/9
  2273 | Temple   | Entered the Ecumenical Temple
  2370 | Temple   | Upgraded the game from 0.30-a0-862-g1aabd4f9c5 to
                  | 0.30-a0-867-g305f33218d
  2374 | Temple   | Became a worshipper of Vehumet
  3149 | D:5      | Entered Level 5 of the Dungeon
  3151 | D:5      | Noticed a water moccasin
  3157 | D:5      | Learned a level 3 spell: Mephitic Cloud
  3160 | D:5      | Learned a level 2 spell: Passwall
  3181 | D:5      | Killed a water moccasin
  3182 | D:5      | Reached skill level 8 in Stealth
  3182 | D:5      | Reached skill level 1 in Conjurations
  3339 | D:5      | Reached XP level 7. HP: 65/66 MP: 10/10
  3347 | D:5      | Found the +8 trident of the Octopus King {venom, rElec
                  | rPois}
  3414 | D:5      | Found a sand-covered staircase.
  3419 | Ossuary  | Entered an ossuary
  3662 | D:5      | Reached skill level 1 in Polearms
  3662 | D:5      | Reached skill level 9 in Stealth
  3730 | D:5      | Reached * piety under Vehumet
  3730 | D:5      | Offered knowledge of Sandblast by Vehumet.
  3830 | D:5      | Reached skill level 5 in Fighting
  3975 | D:5      | Reached XP level 8. HP: 72/74 MP: 11/11
  4148 | D:5      | Found an ancient bone altar of Kikubaaqudgha.
  4247 | D:6      | Found a shadowy altar of Dithmenos.
  4247 | D:6      | Noticed a wraith
  4254 | D:6      | Noticed Maggie
  4280 | D:6      | Killed Maggie
  4281 | D:6      | Reached skill level 10 in Stealth
  4288 | D:6      | HP: 1/72 [wight/+3 war axe (16)]
  4288 | D:6      | Mangled by a wight

Illustrated notes

Levels and vault maps discovered:
D:1:      saegor_arrival_simple_e, layout_loops_ring,
          nicolae_ecumenical_lake_church, skrybe_limestone_x, hex_large,
          minmay_curled_crystal, nrook_loot_triangle
D:2:      layout_rooms, minmay_tetromino_s2
D:3:      layout_loops_cross, serial_aquarium, aquarium_bridge_long_joined
          [aquarium_subvault_wall, aquarium_subvault_bridge,
          aquarium_subvault_window, aquarium_subvault_bridge,
          aquarium_subvault_bridge, aquarium_subvault_balcony],
          aquarium_bridge_square [aquarium_subvault_window,
          aquarium_subvault_bridge, aquarium_subvault_bridge,
          aquarium_subvault_window], aquarium_window_1, aquarium_window_2,
          aquarium_window_fake, aquarium_window_1, aquarium_view_2f,
          aquarium_view_2c, aquarium_balcony_3a, aquarium_pool_five,
          minivault_14
D:4:      layout_basic, minmay_temple_entry_proselytizer
D:5:      layout_cave_pools, kennysheep_vampire_church, enter_ossuary_5,
          nicolae_figureground_sparkle
D:6:      layout_basic, gammafunk_temple_overflow_wave, serial_shops,
          nicolae_shop_advertising_works [nicolae_subvault_shop_adworks],
          hangedman_feature_mirror, serial_bayou_lagoon_a, nicolae_titane,
          uniq_pikel, uniq_maggie, uniq_grinder
Temple:   dpeg_three_leaves_temple

Skill      XL: |  1  2  3  4  5  6  7  8 |
---------------+-------------------------+-----
Fighting       | 1 2 3 4 5 6 |  6.0
Stealth        | 4 5 6 7 8 9 10 | 10.6
Conjurations   | 1 2 |  2.1
Polearms       | 2 3 |  3.6
Dodging        | |  1.5
Spellcasting   | |  2.0
Transmutations | |  1.0
Poison Magic   | |  4.0

Action                     |  1- 3 |  4- 6 |  7- 9 || total
---------------------------+-------+-------+-------++-------
  Melee: Unarmed           |     8 |       |       ||     8
         Spear             |    25 |   115 |       ||   140
         Punch             |       |     1 |     1 ||     2
         Trident           |       |       |   108 ||   108
   Cast: Sting             |    14 |     1 |       ||    15
         Poisonous Vapours |     2 |     6 |     4 ||    12
         Mephitic Cloud    |       |       |     2 ||     2
Ability: Spit Poison       |    19 |    11 |     7 ||    37
    Use: Scroll            |     1 |     3 |     4 ||     8
         Potion            |       |     1 |     4 ||     5
   Stab: Sleeping          |       |     5 |     5 ||    10
         Confused          |       |       |     3 ||     3
 Armour: Robe              |     6 |    22 |    39 ||    67
  Dodge: Dodged            |    23 |    53 |    57 ||   133

Table legend: (Time is in decaauts)
 A = Elapsed time spent in this place.
 B = Non-inter-level travel time spent in this place.
 C = Inter-level travel time spent in this place.
 D = Time resting spent in this place.
 E = Time spent auto-exploring this place.
 F = Levels seen in this place.
 G = Mean time per level.
                   A        B        C        D        E       F      G
               +--------+--------+--------+--------+--------+-----+--------+
         Total |   5455 |   5234 |    221 |    271 |   3774 |   8 |  681.9 |
       Dungeon |   5219 |   5015 |    204 |    271 |   3774 |   6 |  869.8 |
        Temple |    155 |    139 |     16 |      0 |      0 |   1 |  155.0 |
       Ossuary |     80 |     80 |      0 |      0 |      0 |   1 |   80.0 |
               +--------+--------+--------+--------+--------+-----+--------+

Top non-repeatable levels by time:
     D:4: 1290 daAuts
     D:3: 1288 daAuts
     D:5: 1226 daAuts
     D:1: 1100 daAuts
     D:2: 222 daAuts
  Temple: 155 daAuts
     D:6: 90 daAuts
 Ossuary: 80 daAuts
